Match 45158392
Unlisted

Match 45158392
End
Selects Australian Defense Battlegroup
Vickers Machine Gun Team
Selects Australian Light Infantry Section
Australian Light Infantry Section
Australian Light Infantry Section
Construct Field Infirmary
Royal Engineer Section
Construct Section Command Post
Selects 2-pounder Anti-tank Gun Team
Construct Platoon Command Post
Unlock Bishop Self-propelled Artillery
shor
BOOM YOU
SlaughterWolves
HMMhy
♛Prince-Of-Persia♛
铱星
Meleys
1q2w3e4r
0
0

Comments sign in to comment!

No comments posted yet!